 Dungeon Crawl Stone Soup version 0.19.1 (webtiles) character file.

429 Baldric the Cudgeler (level 6, -21/39 HPs)
             Began as a Gargoyle Berserker on July 21, 2017.
             Was a Priest of Trog.
             Killed from afar by an orc wizard (44 damage)
             ... with an exploding inner flame
             ... hexed by the player character
             ... on level 4 of the Dungeon.
             The game lasted 00:17:42 (3179 turns).

Baldric the Cudgeler (Gargoyle Berserker)           Turns: 3179, Time: 00:17:43

Health: -21/39     AC: 17    Str: 20      XL:     6   Next: 98%
Magic:  6/6        EV: 11    Int: 13      God:    Trog [***...]
Gold:   78         SH:  0    Dex: 10 (11) Spells: 0 memorised, 5 levels left

rFire  . . .     SeeInvis .     a - +0 mace
rCold  . . .     Gourm    .     c - +3 scale mail
rNeg   + . .     Faith    .     (no shield)
rPois  ∞         Spirit   .     (no helmet)
rElec  +         Reflect  .     (no cloak)
rCorr  .         Harm     .     q - +2 pair of gloves
MR     .....                    (no boots)
Stlth  ..........               k - amulet of rage
                                (no ring)
                                n - ring of loudness (curse)

@: brilliant, starving
A: negative energy resistance 1, electricity resistance, unbreathing,
petrification resistance, rot immunity, AC +4
a: Berserk, Trog's Hand, Burn Spellbooks, Renounce Religion, Evoke Berserk Rage


You were on level 4 of the Dungeon.
You worshipped Trog.
Trog was most pleased with you.
You were starving.

You visited 1 branch of the dungeon, and saw 4 of its levels.

You collected 78 gold pieces.

Inventory:

Hand Weapons
 a - a +0 mace (weapon)
 s - a +0 mace
Armour
 b - a +0 animal skin
 c - a +3 scale mail (worn)
 q - a +2 pair of gloves (worn)
Jewellery
 k - an amulet of rage (around neck)
 n - a cursed ring of loudness (left hand)
Wands
 l - a wand of confusion (27/48)
Scrolls
 d - a scroll of magic mapping
 h - a scroll of fear
Potions
 i - a potion of curing


   Skills:
 + Level 4.3 Fighting
 * Level 5.6 Maces & Flails
 + Level 4.0 Armour
 + Level 2.9 Dodging


You had 5 spell levels left.
You didn't know any spells.

Dungeon Overview and Level Annotations

Branches:
Dungeon (4/15)
 Temple: D:4-7

Altars:


Innate Abilities, Weirdness & Mutations

You are resistant to torment.
Your stone body is resilient. (AC +4)
You are immune to poison.
You resist negative energy. (rN+)
You are resistant to electric shocks. (rElec)
You can survive without breathing.
You are immune to petrification.
You are immune to rotting.


Message History

The orc priest completely misses you.
You hit the orc priest but do no damage.
The orc priest is severely wounded.
Something hits you but does no damage. The orc hits you but does no damage.
The orc priest hits you but does no damage.
Something hits you but does no damage.
Your scale mail prevents you from hitting the orc priest.
The orc priest is severely wounded.
The orc hits you but does no damage.
The orc priest looks encouraged for a moment.
Something hits you but does no damage. The orc barely misses you.
You hit the orc priest.
The orc priest explodes!
The fiery explosion engulfs something.
The fiery explosion engulfs the orc.
The orc explodes!
The fiery explosion engulfs you! Trog accepts your kill.
The fiery explosion engulfs you!
Ouch! That really hurt!
You die...

#.#.<..## .# %.......#
#.......# # ........#
#.......##.## ........#
#............ ........#
#.......##.## ....)%..#
#######.# .....§§§# #.#
#
......§§##########.##.##
.....§§@§...............
..%....§..............##
............%######.#.#
.............# .#.#
#####.#......# .. #
..........# #..
###.#.##+### .># #.#.#
### # #.#


There were no monsters in sight!

Vanquished Creatures
  A crocodile (D:3)
  Crazy Yiuf (D:2)
  A bullfrog zombie (D:3)
  2 orc priests (D:3)
  Ijyb (D:2)
  Natasha (thrice) (D:3)
  A worker ant (D:3)
  3 adders
  An ooze (D:1)
  An adder skeleton (D:3)
  A worm (D:3)
  A dart slug (D:2)
  4 leopard geckos
  8 orcs
  A ball python (D:3)
  3 giant cockroaches
  8 goblins
  4 hobgoblins
  2 quokkas (D:3)
  11 bats
  A frilled lizard (D:1)
  3 kobolds
  9 rats
71 creatures vanquished.

Notes
Turn   | Place    | Note
-------+----------+-------------------------------------------
     0 | D:1      | Baldric the Gargoyle Berserker began the quest for the Orb.
     0 | D:1      | Reached XP level 1. HP: 14/14 MP: 1/1
   336 | D:1      | Reached XP level 2. HP: 17/19 MP: 2/2
   862 | D:2      | Reached XP level 3. HP: 20/23 MP: 3/3
  1010 | D:2      | Reached ** piety under Trog
  1035 | D:2      | Noticed Ijyb
  1045 | D:2      | Killed Ijyb
  1045 | D:2      | Reached XP level 4. HP: 28/28 MP: 4/4
  1075 | D:2      | Reached skill level 4 in Maces & Flails
  1149 | D:2      | Found a runed door.
  1573 | D:2      | Noticed Crazy Yiuf
  1586 | D:2      | Killed Crazy Yiuf
  2087 | D:3      | Reached XP level 5. HP: 14/33 MP: 5/5
  2107 | D:3      | Noticed Natasha
  2117 | D:3      | Killed Natasha
  2409 | D:3      | Reached XP level 6. HP: 38/38 MP: 6/6
  2416 | D:3      | Reached skill level 5 in Maces & Flails
  2423 | D:3      | Noticed Natasha
  2450 | D:3      | Killed Natasha
  2476 | D:3      | Noticed Natasha
  2491 | D:3      | Killed Natasha
  2928 | D:3      | Reached *** piety under Trog
  3179 | D:4      | Killed from afar by an orc wizard

Skill      XL: |  1  2  3  4  5  6 |
---------------+-------------------+-----
Dodging        | 2 |  2.9
Maces & Flails | 4 5 |  5.6
Armour         | 3 4 |  4.0
Fighting       | 4 |  4.3

Action                   |  1- 3 |  4- 6 || total
-------------------------+-------+-------++-------
Melee: Mace              |   109 |   219 ||   328
Invok: Berserk           |     1 |     1 ||     2
       Burn Spellbooks   |       |     1 ||     1
       Trog's Hand       |       |     1 ||     1
  Use: Scroll            |     2 |     5 ||     7
       Potion            |       |     7 ||     7
 Stab: Invisible         |       |     1 ||     1
  Eat: Bread ration      |     1 |       ||     1
       Chunk             |       |     3 ||     3
Armor: Animal skin       |    15 |       ||    15
       Scale mail        |    82 |   120 ||   202
       Skin              |       |     6 ||     6
Dodge: Dodged            |    94 |    96 ||   190
